 Dungeon Crawl Stone Soup version 0.23.2 (webtiles) character file.

Game seed: 15745830368772750070

1677 snowfan the Firebug (level 8, -3/60 HPs)
             Began as a Mummy Fire Elementalist on Apr 2, 2019.
             Slain by a killer bee (6 damage)
             ... on level 8 of the Dungeon.
             The game lasted 00:31:42 (9290 turns).

snowfan the Firebug (Mummy Fire Elementalist)       Turns: 9290, Time: 00:31:43

Health: -3/60      AC:  4    Str: 12    XL:     8   Next: 70%
Magic:  8/14       EV: 12    Int: 16    God:
Gold:   278        SH:  0    Dex: 12    Spells: 3/16 levels left

rFire    x . .     SeeInvis +   n - +0 hand axe
rCold    + . .     Gourm    .   (no shield)
rNeg     + + +     Faith    .   a - +0 robe
rPois    ∞         Spirit   .   (no helmet)
rElec    .         Reflect  .   (no cloak)
rCorr    .         Harm     .   p - +0 pair of gloves
MR       +....                  (no boots)
Stlth    ++........             (no amulet)
HPRegen  0.20/turn              l - ring of see invisible
MPRegen  0.14/turn              c - +1 ring of protection

@: very slightly contaminated
A: no food or potions, fire vulnerability, cold resistance 1, negative energy
resistance 3, torment resistance, unbreathing
a: no special abilities


You were on level 8 of the Dungeon.
You were not hungry.

You visited 1 branch of the dungeon, and saw 7 of its levels.
You also visited: Ossuary.

You collected 278 gold pieces.

Inventory:

Hand Weapons
 m - a +0 hunting sling
 n - a +0 hand axe (weapon)
Missiles
 d - 124 arrows
 k - 56 stones (quivered)
Armour
 a - a +0 robe (worn)
 h - a +0 pair of gloves
 p - a +0 pair of gloves (worn)
 q - +0 shadow dragon scales
Jewellery
 c - a +1 ring of protection (right hand)
 l - a ring of see invisible (left hand)
Scrolls
 b - a scroll of enchant weapon {unknown}
 g - 3 scrolls of enchant armour {unknown}
 i - a scroll of amnesia {unknown}
 j - 7 scrolls of identify {unknown}
 o - 3 scrolls of remove curse {unknown}
 r - a scroll of magic mapping {unknown}


   Skills:
 + Level 3.7 Fighting
 - Level 1.5 Dodging
 - Level 1.5 Stealth
 - Level 4.5 Spellcasting
 * Level 6.0 Conjurations
 * Level 6.1 Fire Magic


You had 3 spell levels left.
You knew the following spells:

 Your Spells              Type           Power        Failure   Level  Hunger
a - Flame Tongue          Conj/Fire      ###..        1%          1    N/A
c - Sticky Flame          Conj/Fire      ###.....     13%         4    N/A
d - Conjure Flame         Conj/Fire      ###.....     3%          3    N/A
s - Throw Flame           Conj/Fire      ###...       1%          2    N/A
x - Inner Flame           Hex/Fire       ##......     14%         3    N/A

Your spell library contained the following spells:

 Spells                   Type           Power        Failure   Level  Hunger
 Fireball                 Conj/Fire      ###.......   34%         5    N/A
 Leda's Liquefaction      Hex/Erth       #.........   85%         4    N/A
 Ignition                 Fire           ###.......   100%        8    N/A
 Statue Form              Tmut/Erth      Unusable     N/A         6    N/A

Dungeon Overview and Level Annotations

Branches:
Dungeon (8/15)
 Temple: D:4-7         Lair: D:8-11

Altars:
Ru
Wu Jian

Annotations:
D:8 Maurice, Pikel


Innate Abilities, Weirdness & Mutations

You do not eat or drink.
Your flesh is vulnerable to fire.
You are immune to poison.
Your flesh is cold resistant. (rC+)
You are immune to negative energy. (rN+++)
You are immune to unholy pain and torment.
You can survive without breathing.


Message History

The killer bee buzzes angrily.
You hear a shout!
The killer bee stings you!
* * * LOW HITPOINT WARNING * * *
The killer bee closely misses you.
Your surroundings suddenly seem different.
Found a stone staircase leading down.
A slave comes into view.
The crimson imp blinks!
A slave comes into view.
The slave shouts!
You hear a shout! x3
Maurice the Thief comes into view.
He is wielding a +0 short sword and carrying a wand of iceblast (6). 2 slaves come into view.
The slave shouts!
The killer bee buzzes angrily.
A killer bee comes into view.
You hear an angry buzzing noise.
There is a stone staircase leading down here.
The killer bee barely misses you.
Maurice casts a spell.
Maurice puts on a burst of speed!
The killer bee stings you.
You die...

...%.......# #..
....#.......$.. ..
.####.. ##....##....
....... #..## #....
.......###..#
.........#.. . .
..........# ... ..
..........###.....
c#
...py.K@.......... #
p..yp..ya...........
.p.@.....h..........
.#.###........>.....
...###.....5........
.....#..............
...................#
...###o.........##.#
..........y.........


You could see Maurice, Pikel, 4 slaves, a hound, a worker ant, 3 killer bees, a
crimson imp and an orc.

Vanquished Creatures
  A wraith (D:5)
  Sigmund (D:3)
  Menkaure (D:5)
  A sky beast (D:5)
  A phantom (D:3)
  3 ogres (D:5)
  2 elf zombies (Ossuary)
  3 killer bees (D:8)
  A jelly (D:5)
  A hound (D:8)
  A human zombie (Ossuary)
  An orc priest (D:4)
  Terence (D:3)
  2 worker ants
  2 orc wizards (D:4)
  2 big kobold zombies (Ossuary)
  3 mummies (Ossuary)
  4 gnolls (D:5)
  11 adders
  3 oozes
  An adder skeleton (D:4)
  A worm (D:2)
  A dart slug (D:3)
  A leopard gecko (D:2)
  11 orcs
  8 bats
  4 giant cockroaches
  2 goblins (D:3)
  9 hobgoblins
  7 jackals
  13 kobolds
  A ball python (D:4)
  3 frilled lizards
  3 goblin zombies (Ossuary)
  2 hobgoblin zombies (Ossuary)
  3 kobold zombies (Ossuary)
  9 rats
124 creatures vanquished.

Notes
Turn   | Place    | Note
-------+----------+-------------------------------------------
     0 | D:1      | snowfan the Mummy Fire Elementalist began the quest for the
                  | Orb.
     0 | D:1      | Reached XP level 1. HP: 13/13 MP: 4/4
    68 | D:1      | Reached skill level 1 in Conjurations
   262 | D:1      | Reached XP level 2. HP: 19/19 MP: 2/5
  1443 | D:2      | Found a faded altar of an unknown god.
  1449 | D:2      | Reached XP level 3. HP: 24/24 MP: 1/7
  2358 | D:2      | Reached XP level 4. HP: 19/30 MP: 1/8
  3101 | D:3      | Noticed Sigmund
  3109 | D:3      | Killed Sigmund
  3109 | D:3      | Reached skill level 1 in Fighting
  3109 | D:3      | Reached XP level 5. HP: 19/37 MP: 0/9
  3760 | D:3      | Found a sacrificial altar of Ru.
  3863 | D:3      | Reached XP level 6. HP: 43/43 MP: 6/10
  4117 | D:3      | Noticed Terence
  4123 | D:3      | Killed Terence
  4443 | D:4      | Learned a level 3 spell: Conjure Flame
  4447 | D:4      | Learned a level 3 spell: Inner Flame
  4450 | D:4      | Learned a level 2 spell: Throw Flame
  4608 | D:4      | Identified the Almanac of the Ashen Arsonist
  5690 | D:5      | Entered Level 5 of the Dungeon
  5705 | D:5      | Reached XP level 7. HP: 51/51 MP: 9/11
  6100 | D:5      | Found an ornate altar of the Wu Jian Council.
  6179 | D:5      | Reached skill level 5 in Fire Magic
  6224 | D:5      | Found a sand-covered staircase.
  6244 | Ossuary  | Entered an ossuary
  6244 | Ossuary  | Noticed a wraith
  6244 | Ossuary  | Noticed a wraith
  6244 | Ossuary  | Noticed a wraith
  6507 | Ossuary  | Reached skill level 5 in Conjurations
  6590 | Ossuary  | Learned a level 4 spell: Sticky Flame
  6860 | Ossuary  | Reached XP level 8. HP: 57/57 MP: 8/14
  7874 | D:5      | Noticed Menkaure
  8539 | D:5      | Killed Menkaure
  9153 | D:5      | You fall through a shaft for 3 floors!
  9282 | D:8      | Noticed Pikel
  9285 | D:8      | HP: 2/60 [killer bee (9)]
  9288 | D:8      | Noticed Maurice
  9290 | D:8      | Slain by a killer bee

Skill      XL: |  1  2  3  4  5  6  7  8 |
---------------+-------------------------+-----
Conjurations   | 1 2 3 4 5 6 |  6.0
Fire Magic     | 3 4 5 6 |  6.1
Fighting       | 1 2 3 |  3.7
Spellcasting   | 4 |  4.5
Dodging        | |  1.5
Stealth        | |  1.5

Action                   |  1- 3 |  4- 6 |  7- 9 || total
-------------------------+-------+-------+-------++-------
Melee: Short sword       |    16 |     5 |       ||    21
       Hand axe          |       |     8 |    14 ||    22
 Fire: Hunting sling     |       |    15 |    94 ||   109
Throw: Stone             |       |     4 |     3 ||     7
 Cast: Flame Tongue      |    78 |   108 |   127 ||   313
       Throw Flame       |       |     3 |    29 ||    32
       Conjure Flame     |       |     1 |    10 ||    11
       Sticky Flame      |       |       |     1 ||     1
  Use: Scroll            |       |       |     8 ||     8
 Stab: Sleeping          |       |     1 |       ||     1
Armor: Robe              |    21 |    22 |    28 ||    71
Dodge: Dodged            |    56 |    66 |    93 ||   215
